3A
COLUMBIA RIVER RATS @ HARRISBURG HARRIERS
08/19/2020
 
TOP OF THE 1ST
Columbia River Rats batting - Pitching for Harrisburg Harriers : LHP Rob Smith
Pitching: LHP Rob Smith
Batting: RHB Víctor López 0-0: Ground out 5-3 (Groundball, 56)
Batting: RHB Fernando Silva 0-0: Foul Ball, location: 2F
0-1: Ball
1-1: Called Strike
1-2: Ball
2-2: Foul Ball, location: 2F
2-2: SINGLE (Groundball, 4MD)
Batting: RHB José Rivera 0-0: Called Strike
0-1: Called Strike
0-2: Ball
1-2: Fly out, F8 (Flyball, 8RD)
Runner from 1st tags up, SAFE at 2nd
Batting: SHB Jorge González 0-0: Called Strike
0-1: Ball
1-1: Foul Ball, location: 2F
1-2: Strikes out swinging
Top of the 1st over - 0 run(s), 1 hit(s), 0 error(s), 1 left on base; Columbia 0 - Harrisburg 0
BOTTOM OF THE 1ST
Harrisburg Harriers batting - Pitching for Columbia River Rats : RHP Juan Reyes
Pitching: RHP Juan Reyes
Batting: RHB Bartolo Benítez 0-0: Ground out 5-3 (Groundball, 5S)
Batting: RHB Patrizio Vanali 0-0: Ball
1-0: Fly out, F8 (Flyball, 8RM)
Batting: RHB Bartolo Morales 0-0: Called Strike
0-1: Ball
1-1: Fly out, F2 (Popup, 2LF)
Bottom of the 1st over - 0 run(s), 0 hit(s), 0 error(s), 0 left on base; Columbia 0 - Harrisburg 0
TOP OF THE 2ND
Columbia River Rats batting - Pitching for Harrisburg Harriers : LHP Rob Smith
Batting: RHB Luis Alomar 0-0: Fly out, F8 (Flyball, 8RS)
Batting: RHB Paco Vásquez 0-0: DOUBLE (Line Drive, 8LM)
Batting: RHB Armando Alvarado 0-0: SINGLE (Groundball, 6MD)
Paco Vásquez to third
Batting: RHB Edén Mont 0-0: Ball
Armando Alvarado is caught stealing 2nd base
1-0: Reached on error, E4 (Groundball, 4)
Paco Vásquez scores
Batting: SHB Gonzalo Valentín 0-0: Called Strike
0-1: Ball
1-1: Ball
2-1: Foul Ball, location: 2F
2-2: Strikes out swinging
Top of the 2nd over - 1 run(s), 2 hit(s), 1 error(s), 1 left on base; Columbia 1 - Harrisburg 0
BOTTOM OF THE 2ND
Harrisburg Harriers batting - Pitching for Columbia River Rats : RHP Juan Reyes
Batting: RHB Keith MacKey 0-0: Ball
1-0: Foul Ball, location: 2F
1-1: Ball
2-1: Called Strike
2-2: Ball
3-2: Base on Balls
Batting: RHB Martín Álvarez 0-0: Grounds into double play, 5-4-3 (Groundball, 56)
Batting: RHB Jim Scott 0-0: Ball
1-0: Ball
2-0: Called Strike
2-1: Called Strike
2-2: Foul Ball, location: 2F
2-2: Strikes out swinging
Bottom of the 2nd over - 0 run(s), 0 hit(s), 0 error(s), 0 left on base; Columbia 1 - Harrisburg 0
TOP OF THE 3RD
Columbia River Rats batting - Pitching for Harrisburg Harriers : LHP Rob Smith
Batting: RHB Víctor López 0-0: Called Strike
0-1: Foul Ball, location: 2F
0-2: Strikes out looking
Batting: RHB Fernando Silva 0-0: Called Strike
0-1: Swinging Strike
0-2: Ball
1-2: Strikes out swinging
Batting: RHB José Rivera 0-0: Called Strike
0-1: Ball
1-1: Swinging Strike
1-2: Ball
2-2: Ground out 3-1 (Groundball, 34S)
Top of the 3rd over - 0 run(s), 0 hit(s), 0 error(s), 0 left on base; Columbia 1 - Harrisburg 0
BOTTOM OF THE 3RD
Harrisburg Harriers batting - Pitching for Columbia River Rats : RHP Juan Reyes
Batting: LHB Eric Porter 0-0: Called Strike
0-1: Ball
1-1: SINGLE (Flyball, 8RM)
Batting: RHB Mike Greene 0-0: Grounds into double play, 6-4-3 (Groundball, 6M)
Batting: RHB Jim Unknown 0-0: Called Strike
0-1: Swinging Strike
0-2: Ball
1-2: Ball
2-2: Foul Ball, location: 2F
2-2: Fly out, F7 (Flyball, 7M)
Bottom of the 3rd over - 0 run(s), 1 hit(s), 0 error(s), 0 left on base; Columbia 1 - Harrisburg 0
TOP OF THE 4TH
Columbia River Rats batting - Pitching for Harrisburg Harriers : LHP Rob Smith
Batting: SHB Jorge González 0-0: Ball
1-0: Reached on Error, E3 (Popup, 3)
Batting: RHB Luis Alomar 0-0: Called Strike
0-1: Foul Ball, location: 2F
0-2: Ball
Wild Pitch!
Jorge González to second
1-2: Ball
2-2: Reached on Error, E9 (Flyball, 9M)
Jorge González to third
Batting: RHB Paco Vásquez 0-0: Ball
1-0: Foul Ball, location: 2F
1-1: Ball
2-1: Foul Ball, location: 2F
2-2: Strikes out swinging
Luis Alomar steals 2nd base
Batter strikes out.
Batting: RHB Armando Alvarado 0-0: Ball
1-0: Ball
2-0: Ball
3-0: Called Strike
3-1: Foul Ball, location: 2F
3-2: DOUBLE (Groundball, 5L)
Jorge González scores
Luis Alomar scores
Batting: RHB Edén Mont 0-0: Fly out, F7 (Flyball, 78M)
Batting: SHB Gonzalo Valentín 0-0: Called Strike
0-1: Ground out 5-3 (Groundball, 5L)
Top of the 4th over - 2 run(s), 1 hit(s), 2 error(s), 1 left on base; Columbia 3 - Harrisburg 0
BOTTOM OF THE 4TH
Harrisburg Harriers batting - Pitching for Columbia River Rats : RHP Juan Reyes
Batting: RHB Bartolo Benítez 0-0: Ball
1-0: Called Strike
1-1: Called Strike
1-2: Strikes out looking
Batting: RHB Patrizio Vanali 0-0: Called Strike
0-1: Called Strike
0-2: Ball
1-2: Foul Ball, location: 2F
1-2: Ground out 6-3 (Groundball, 6M)
Batting: RHB Bartolo Morales 0-0: Ball
1-0: SINGLE (Flyball, 9LM)
Batting: RHB Keith MacKey 0-0: Ball
Bartolo Morales is caught stealing 2nd base
Bottom of the 4th over - 0 run(s), 1 hit(s), 0 error(s), 0 left on base; Columbia 3 - Harrisburg 0
TOP OF THE 5TH
Columbia River Rats batting - Pitching for Harrisburg Harriers : LHP Rob Smith
Batting: RHB Víctor López 0-0: Called Strike
0-1: Called Strike
0-2: Ball
1-2: Ball
2-2: Ball
3-2: Strikes out swinging
Batting: RHB Fernando Silva 0-0: Ball
1-0: Foul Ball, location: 2F
1-1: Foul Ball, location: 2F
1-2: Ball
2-2: Foul Ball, location: 2F
2-2: Foul Ball, location: 2F
2-2: Ground out 4-3 (Groundball, 4)
Batting: RHB José Rivera 0-0: SINGLE (Groundball, 6M)
Batting: SHB Jorge González 0-0: Ball
1-0: Swinging Strike
1-1: Swinging Strike
1-2: Foul Ball, location: 2F
1-2: Strikes out swinging
Top of the 5th over - 0 run(s), 1 hit(s), 0 error(s), 1 left on base; Columbia 3 - Harrisburg 0
BOTTOM OF THE 5TH
Harrisburg Harriers batting - Pitching for Columbia River Rats : RHP Juan Reyes
Batting: RHB Keith MacKey 0-0: Called Strike
0-1: Fly out, F8 (Line Drive, 8LM)
Batting: RHB Martín Álvarez 0-0: SINGLE (Line Drive, 56)
Batting: RHB Jim Scott 0-0: Grounds into double play, 4-6-3 (Groundball, 4)
Bottom of the 5th over - 0 run(s), 1 hit(s), 0 error(s), 0 left on base; Columbia 3 - Harrisburg 0
TOP OF THE 6TH
Columbia River Rats batting - Pitching for Harrisburg Harriers : LHP Rob Smith
Batting: RHB Luis Alomar 0-0: Ball
1-0: Ground out 4-3 (Groundball, 34)
Batting: RHB Paco Vásquez 0-0: Called Strike
0-1: SINGLE (Flyball, 7S)
Batting: RHB Armando Alvarado 0-0: Ball
1-0: Fly out, F7 (Flyball, 78M)
Batting: RHB Edén Mont 0-0: Swinging Strike
0-1: Called Strike
0-2: Ball
1-2: Ground out 4-3 (Groundball, 34)
Top of the 6th over - 0 run(s), 1 hit(s), 0 error(s), 1 left on base; Columbia 3 - Harrisburg 0
BOTTOM OF THE 6TH
Harrisburg Harriers batting - Pitching for Columbia River Rats : RHP Juan Reyes
Batting: LHB Eric Porter 0-0: Called Strike
0-1: Fly out, F8 (Flyball, 8RM)
Batting: RHB Mike Greene 0-0: Ball
1-0: Called Strike
1-1: Ball
2-1: Called Strike
2-2: Strikes out swinging
Batting: RHB Jim Unknown 0-0: Called Strike
0-1: Ball
1-1: Foul Ball, location: 2F
1-2: Fly out, F3 (Popup, 3SF)
Bottom of the 6th over - 0 run(s), 0 hit(s), 0 error(s), 0 left on base; Columbia 3 - Harrisburg 0
TOP OF THE 7TH
Columbia River Rats batting - Pitching for Harrisburg Harriers : LHP Rob Smith
Batting: SHB Gonzalo Valentín 0-0: Ball
1-0: Ground out 1-3 (Groundball, 25)
Batting: RHB Víctor López 0-0: Swinging Strike
0-1: Ball
1-1: Ball
2-1: Swinging Strike
2-2: Foul Ball, location: 2F
2-2: Strikes out swinging
Batting: RHB Fernando Silva 0-0: Swinging Strike
0-1: SINGLE (Line Drive, 7S)
Batting: RHB José Rivera 0-0: Called Strike
0-1: Ball
1-1: Swinging Strike
1-2: Fly out, F8 (Flyball, 8RXD)
Top of the 7th over - 0 run(s), 1 hit(s), 0 error(s), 1 left on base; Columbia 3 - Harrisburg 0
BOTTOM OF THE 7TH
Harrisburg Harriers batting - Pitching for Columbia River Rats : RHP Juan Reyes
Batting: RHB Bartolo Benítez 0-0: Ball
1-0: Reached on Error, E4 (Line Drive, 4)
Batting: RHB Patrizio Vanali 0-0: Called Strike
Throwing error on steal attempt, E2
Bartolo Benítez to third
0-1: Ball
1-1: Foul Ball, location: 2F
1-2: Foul Ball, location: 2F
1-2: Strikes out swinging
Batting: RHB Bartolo Morales 0-0: Ball
1-0: Foul Ball, location: 2F
1-1: SINGLE (Groundball, 4M) (infield hit)
Bartolo Benítez scores
Batting: RHB Keith MacKey 0-0: Ball
1-0: Called Strike
1-1: Ball
2-1: Foul Ball, location: 2F
2-2: Foul Ball, location: 2F
2-2: Foul Ball, location: 2F
2-2: Strikes out looking
Batting: RHB Martín Álvarez 0-0: Called Strike
0-1: Called Strike
0-2: Ball
1-2: Ball
2-2: SINGLE (Flyball, 89S)
Bartolo Morales to second
Runner from 2nd tries for 3rd, SAFE, no throw or cutoff
Pinch Hitting: RHB Jim Unknown 0-0: Ball
1-0: Foul Ball, location: 2F
1-1: Foul Ball, location: 2F
1-2: Strikes out looking
Bottom of the 7th over - 1 run(s), 2 hit(s), 2 error(s), 2 left on base; Columbia 3 - Harrisburg 1
TOP OF THE 8TH
Columbia River Rats batting - Pitching for Harrisburg Harriers : LHP Rob Smith
Now at 1B: Jim Unknown
Batting: SHB Jorge González 0-0: Ball
1-0: Ball
2-0: Foul Ball, location: 2F
2-1: Foul Ball, location: 2F
2-2: Fly out, F9 (Flyball, 89M)
Batting: RHB Luis Alomar 0-0: Ball
1-0: Foul Ball, location: 2F
1-1: Ball
2-1: Ground out 5-3 (Groundball, 56)
Batting: RHB Paco Vásquez 0-0: Fly out, F9 (Flyball, 9S)
Top of the 8th over - 0 run(s), 0 hit(s), 0 error(s), 0 left on base; Columbia 3 - Harrisburg 1
BOTTOM OF THE 8TH
Harrisburg Harriers batting - Pitching for Columbia River Rats : RHP Juan Reyes
Batting: LHB Eric Porter 0-0: Called Strike
0-1: Foul Ball, location: 2F
0-2: Ball
1-2: Ball
2-2: Ball
3-2: Base on Balls
Batting: RHB Mike Greene 0-0: Ball
1-0: Fly out, F2 (Popup, 23F)
Batting: RHB Jim Unknown 0-0: Called Strike
0-1: Ball
1-1: Swinging Strike
1-2: Foul Ball, location: 2F
1-2: Ball
2-2: Foul Ball, location: 2F
2-2: Ball
3-2: Foul Ball, location: 2F
3-2: Foul Ball, location: 2F
3-2: Grounds into double play, 6-4-3 (Groundball, 6M)
Bottom of the 8th over - 0 run(s), 0 hit(s), 0 error(s), 0 left on base; Columbia 3 - Harrisburg 1
TOP OF THE 9TH
Columbia River Rats batting - Pitching for Harrisburg Harriers : LHP Rob Smith
Batting: RHB Armando Alvarado 0-0: Called Strike
0-1: Swinging Strike
0-2: Ball
1-2: Ball
2-2: Ball
3-2: Ground out U3 (Groundball, 3)
Batting: RHB Edén Mont 0-0: Ball
1-0: Called Strike
1-1: Fly out, F7 (Line Drive, 7M)
Batting: SHB Gonzalo Valentín 0-0: Swinging Strike
0-1: Ball
1-1: Foul Ball, location: 2F
1-2: Ball
2-2: SINGLE (Line Drive, 8LS)
Batting: RHB Víctor López 0-0: Ball
1-0: Foul Ball, location: 2F
1-1: Swinging Strike
1-2: Ball
2-2: Foul Ball, location: 2F
2-2: Foul Ball, location: 2F
2-2: Foul Ball, location: 2F
2-2: Foul Ball, location: 2F
2-2: Foul Ball, location: 2F
2-2: Foul Ball, location: 2F
2-2: Strikes out looking
Top of the 9th over - 0 run(s), 1 hit(s), 0 error(s), 1 left on base; Columbia 3 - Harrisburg 1
BOTTOM OF THE 9TH
Harrisburg Harriers batting - Pitching for Columbia River Rats : RHP Juan Reyes
Batting: RHB Bartolo Benítez 0-0: Foul Ball, location: 2F
0-1: Swinging Strike
0-2: Strikes out swinging
Batting: RHB Patrizio Vanali 0-0: Ball
1-0: Called Strike
1-1: SINGLE (Groundball, 6MD)
Pitching: LHP Joaquín Ramírez
Batting: RHB Bartolo Morales 0-0: Ball
1-0: Foul Ball, location: 2F
1-1: Ball
2-1: Called Strike
2-2: Grounds into double play, 4-6-3 (Groundball, 4)
Bottom of the 9th over - 0 run(s), 1 hit(s), 0 error(s), 0 left on base; Columbia 3 - Harrisburg 1
This league is powered by Out of the Park Baseball, the baseball management simulation game for PC, Mac and Linux
Friday, October 23rd, 2015 - OOTP Baseball 16.9 Build 39